 Dungeon Crawl Stone Soup version 0.17.1-3-g152610e (webtiles) character file.

2562 jacquesderrida the Summoner (level 9, -9/57 HPs)
             Began as a Demonspawn Summoner on Apr 25, 2016.
             Was an Elder of Okawaru.
             Killed by the air
             ... invoked by Gastronok
              (23 damage)
             ... on level 9 of the Dungeon.
             The game lasted 00:21:52 (3261 turns).

jacquesderrida the Summoner (Demonspawn Summoner)   Turns: 3261, Time: 00:21:52

Health: -9/57      AC:  3    Str: 10    XL:     9   Next: 31%
Magic:  13/13      EV: 15    Int: 20    God:    Okawaru [****..]
Gold:   354        SH:  0    Dex: 14    Spells: 4 memorised, 5 levels left

rFire  . . .     SeeInvis .     a - +0 halberd
rCold  . . .     Clarity  .     A - +1 robe {rN+}
rNeg   + . .     SustAt   .     (shield currently unavailable)
rPois  .         Gourm    .     (helmet unavailable)
rElec  .         Spirit   .     (no cloak)
rCorr  .         Warding  .     (no gloves)
rMut   .         Stasis   .     (no boots)
MR     .....                    (no amulet)
Stlth  +++.......               D - ring of Ascent {+Fly Int+2}
                                u - ring of stealth

@: not resistant to hostile enchantments, fairly stealthy
A: horns 3, repulsion field 2, demonic guardian 1, spiny 1
a: Heroism, Renounce Religion, Evoke Flight


You were on level 9 of the Dungeon.
You worshipped Okawaru.
Okawaru was greatly pleased with you.
You were hungry.

You visited 1 branch of the dungeon, and saw 9 of its levels.

You collected 354 gold pieces.

Inventory:

Hand Weapons
 a - a +0 halberd (weapon)
 b - a +0 blowgun
 d - a +1 mace
Missiles
 f - 5 javelins (quivered)
 w - 9 poisoned needles
 z - a throwing net
Armour
 A - a +1 robe of positive energy (worn)
Jewellery
 u - a ring of stealth (left hand)
 D - the ring of Ascent (right hand) {+Fly Int+2}
   (You found it on level 8 of the Dungeon)

   [ring of flight]

   It affects your intelligence (+2).
   It lets you fly.
Wands
 e - a wand of enslavement (8)
 o - a wand of flame (9)
 r - a wand of magic darts (24)
 v - a wand of fire (8)
Scrolls
 g - 2 scrolls of random uselessness
 i - 7 scrolls of remove curse
 j - a scroll of magic mapping
 m - a scroll of teleportation
 p - a scroll of recharging
 t - a scroll of fear
 y - 3 scrolls of enchant armour {unknown}
 B - 2 scrolls of blinking
 C - a scroll of immolation {unknown}
Potions
 k - a potion of agility {unknown}
 l - 2 potions of invisibility
 x - a potion of heal wounds
 E - a potion of ambrosia
 F - a potion of resistance {unknown}
 G - a potion of curing {unknown}
Books
 n - the Almanac of Bewitchment
   (You found it on level 6 of the Dungeon)

   Spells                             Type                      Level
   a - Spectral Weapon                Hexes/Charms                 3
   b - Leda's Liquefaction            Hexes/Earth                  4
   c - Cause Fear                     Hexes                        4
   d - Summon Mana Viper              Hexes/Summoning              5
 q - a book of Callings

   Spells                             Type                      Level
   a - Summon Small Mammal            Summoning                    1
   b - Call Imp                       Summoning                    2
   c - Call Canine Familiar           Summoning                    3
   d - Summon Guardian Golem          Hexes/Summoning              3
   e - Summon Lightning Spire         Summoning/Air                4
   f - Summon Ice Beast               Ice/Summoning                4
Comestibles
 c - 7 bread rations
 h - 2 meat rations
 s - 32 fruits
 H - 3 chunks of flesh


   Skills:
 + Level 7.0 Polearms
 - Level 1.7 Dodging
 - Level 1.7 Stealth
 + Level 3.2 Spellcasting
 + Level 10.3 Summonings


You had 5 spell levels left.
You knew the following spells:

 Your Spells              Type           Power        Failure   Level  Hunger
a - Summon Small Mammal   Summ           ####         1%          1    None
b - Call Imp              Summ           #####...     1%          2    ##.....
c - Call Canine Familiar  Summ           #####...     1%          3    ###....
d - Summon Guardian Gole  Hex/Summ       ###.....     8%          3    ###....


Dungeon Overview and Level Annotations

Branches:
Dungeon (9/15)             Temple (0/1) D:7
   Lair: D:8-11         Orc: D:9-12

Altars:
Dithmenos
Fedhas
Gozag
Okawaru
Qazlal
Trog
Vehumet
Yredelemnul

Annotations:
D:3 kaze's ghost, amateur DsBe
D:6 exclusion: statue
D:9 Gastronok


Innate Abilities, Weirdness & Mutations

You have a pair of large horns on your head.
You are surrounded by a moderate repulsion field (EV +3).
A weak demonic guardian rushes to your aid.
You are partially covered in sharp spines.


Message History

You slash the phantom! Your headbutt misses the phantom.
The phantom is heavily damaged.
The phantom is struck by your spines. The phantom barely misses you.
You closely miss the phantom.
The phantom is heavily damaged.
The phantom closely misses you. The phantom hits you.
The phantom blinks!
Your wolf bites the phantom!
Your white imp gestures at the phantom.
The puff of frost hits the phantom.
The phantom resists.
The phantom blinks!
Gastronok waves his eye-stalks in wide circles.
The air twists around and strikes you!
You see here 9 poisoned needles.
w - 9 poisoned needles The orc wizard points at you and mumbles some strange words.
The magic dart hits you!
* * * LOW HITPOINT WARNING * * *
Gastronok waves his eye-stalks in wide circles.
The air twists around and strikes you!
You die...

#........#
#################h.)....
#.....w.......8).....###
#.5....).w)w(...8.......
#..###.....(.........)..
#..# #.########<.W#...#.
#..# #.# ##......#
#..###o###.##.........#
#.5.h5.@..........#..$#
#.####.###.##.........#
#. ..... o......#...# ##
####..###......#.....
..# #o..o#.. .%.. ..#
#..#. .. ..# #.# ..


You could see Gastronok, an orc wizard, a friendly wolf, a friendly crimson imp
and a friendly white imp.

Vanquished Creatures
  Pikel (D:7)
  Psyche (D:8)
  A black bear (D:6)
  An orc warrior (D:9)
  A centaur (D:7)
  2 big kobolds (D:8)
  A giant frog (D:7)
  A water moccasin zombie (D:8)
  A wight (D:8)
  2 crimson imps
  A jelly (D:8)
  2 hounds (D:7)
  2 giant frog skeletons
  An iguana (D:6)
  2 centaur skeletons
  2 worker ants (D:5)
  3 hound skeletons
  A hound zombie (D:6)
  2 gnolls (D:7)
  3 adders
  A shadow imp (D:8)
  2 adder zombies
  An adder skeleton (D:5)
  A giant gecko (D:8)
  7 orcs
  3 giant cockroaches
  3 hobgoblins
  3 kobolds
  2 quokkas
  A giant gecko zombie (D:5)
  A goblin (D:1)
56 creatures vanquished.

Vanquished Creatures (collateral kills)
  A deep elf mage (D:9)
  A slave (D:7)
  A black bear (D:7)
  An ogre (D:6)
  A necrophage (D:7)
  A scorpion (D:7)
  A crocodile (D:9)
  2 giant frogs
  7 wights
  2 crimson imps
  A giant frog skeleton (D:4)
  A gnoll shaman (D:7)
  3 orc priests
  6 orc wizards
  A quasit (D:8)
  An iguana (D:9)
  2 hounds
  3 worker ants
  8 gnolls
  5 adders
  An ooze (D:3)
  A giant gecko (D:5)
  2 orcs
  A giant cockroach (D:3)
  A goblin (D:2)
  7 jackals
  6 kobolds
  2 bats
  A giant gecko skeleton (D:5)
  2 quokkas
  A rat (D:2)
74 creatures vanquished.

Vanquished Creatures (others)
  A slave (D:7)
  An iguana (D:7)
  A gnoll (D:7)
  A plant (D:9)
4 creatures vanquished.

Grand Total: 134 creatures vanquished

Notes
Turn   | Place    | Note
--------------------------------------------------------------
     0 | D:1      | jacquesderrida the Demonspawn Summoner began the quest for the Orb.
     0 | D:1      | Reached XP level 1. HP: 13/13 MP: 3/3
   128 | D:2      | Gained mutation: You have a pair of small horns on your head. [demonic ancestry]
   128 | D:2      | Reached XP level 2. HP: 13/19 MP: 1/5
   247 | D:2      | Learned a level 2 spell: Call Imp
   314 | D:3      | Noticed kaze's ghost (amateur DsBe)
   475 | D:3      | Reached skill level 5 in Summonings
   475 | D:3      | Gained mutation: A weak demonic guardian rushes to your aid. [demonic ancestry]
   475 | D:3      | Reached XP level 3. HP: 20/24 MP: 1/6
   531 | D:4      | Gained mutation: You have a pair of horns on your head. [demonic ancestry]
   531 | D:4      | Reached XP level 4. HP: 17/30 MP: 5/7
   536 | D:4      | Learned a level 3 spell: Call Canine Familiar
   607 | D:4      | Reached skill level 6 in Summonings
   790 | D:3      | Gained mutation: You are surrounded by a mild repulsion field (EV +2). [demonic ancestry]
   790 | D:3      | Reached XP level 5. HP: 19/35 MP: 8/8
  1023 | D:5      | Entered Level 5 of the Dungeon
  1037 | D:4      | Reached skill level 7 in Summonings
  1147 | D:5      | Reached skill level 1 in Polearms
  1269 | D:5      | Found a bloodstained altar of Trog.
  1269 | D:5      | Found a basalt altar of Yredelemnul.
  1270 | D:5      | Found an iron altar of Okawaru.
  1275 | D:5      | Became a worshipper of Warmaster Okawaru
  1398 | D:5      | Gained mutation: You are partially covered in sharp spines. [demonic ancestry]
  1398 | D:5      | Reached XP level 6. HP: 30/41 MP: 9/9
  1677 | D:6      | Found a blossoming altar of Fedhas.
  1700 | D:6      | Found a stormy altar of Qazlal.
  1710 | D:6      | Identified the Almanac of Bewitchment
  1831 | D:6      | Found an opulent altar of Gozag.
  1887 | D:6      | Reached * piety under Okawaru
  1946 | D:6      | Reached XP level 7. HP: 46/46 MP: 1/10
  2021 | D:6      | Found a radiant altar of Vehumet.
  2068 | D:6      | Reached skill level 8 in Summonings
  2228 | D:7      | Reached ** piety under Okawaru
  2244 | D:7      | Noticed Pikel
  2303 | D:7      | Killed Pikel
  2303 | D:7      | Reached skill level 5 in Polearms
  2303 | D:7      | Reached skill level 9 in Summonings
  2303 | D:7      | Gained mutation: You have a pair of large horns on your head. [demonic ancestry]
  2303 | D:7      | Reached XP level 8. HP: 10/52 MP: 7/11
  2367 | D:7      | Found a staircase to the Ecumenical Temple.
  2578 | D:7      | Reached *** piety under Okawaru
  2821 | D:8      | Found a shadowy altar of Dithmenos.
  2910 | D:8      | Learned a level 3 spell: Summon Guardian Golem
  2962 | D:8      | Reached skill level 10 in Summonings
  2975 | D:8      | Gained mutation: You are surrounded by a moderate repulsion field (EV +3). [demonic ancestry]
  2975 | D:8      | Reached XP level 9. HP: 53/57 MP: 10/12
  3063 | D:8      | Got a scintillating wooden ring
  3064 | D:8      | Identified the ring of Ascent {+Fly Int+2} (You found it on level 8 of the Dungeon)
  3074 | D:8      | Noticed Psyche
  3091 | D:8      | Killed Psyche
  3091 | D:8      | Reached **** piety under Okawaru
  3129 | D:9      | Noticed Gastronok
  3261 | D:9      | Killed from afar by Gastronok

Action                   |  1- 3 |  4- 6 |  7- 9 || total
-------------------------+-------+-------+-------++-------
Melee: Mace              |    25 |     4 |       ||    29
       Halberd           |       |    58 |    82 ||   140
 Fire: Blowgun           |       |       |    14 ||    14
Throw: Javelin           |       |     2 |       ||     2
 Cast: Summon Small Mamm |    10 |       |       ||    10
       Call Imp          |     5 |    11 |     3 ||    19
       Call Canine Famil |       |    22 |    22 ||    44
       Summon Guardian G |       |       |     2 ||     2
Evoke: Wand              |       |       |     7 ||     7
  Use: Scroll            |       |    10 |     3 ||    13
       Potion            |       |     2 |       ||     2
 Stab: Sleeping          |     1 |     4 |     5 ||    10
       Distracted        |       |     1 |     3 ||     4
  Eat: Chunk             |       |     7 |     7 ||    14
